 Dungeon Crawl Stone Soup version 0.31.0-11-ge490571c62 (webtiles) character file.

Game seed: 13574388349876185668

128 qw the Shooter (level 4, 0/23 HPs)
             Began as a Spriggan Hunter on Feb 3, 2024.
             Slain by an orc
             ... wielding a +0 club
              (3 damage)
             ... on level 3 of the Dungeon.
             The game lasted 00:00:32 (1937 turns).

qw the Shooter (Spriggan Hunter)                    Turns: 1937, Time: 00:00:32

Health: 0/23       AC:  2    Str:  7    XL:     4   Next: 86%
Magic:  5/5        EV: 20    Int: 10    God:
Gold:   130        SH:  0    Dex: 20    Spells: 3/3 levels left

rFire   . . .        a - +0 shortbow
rCold   + . .        (shield currently unavailable)
rNeg    . . .        c - +0 robe
rPois   .            (helmet restricted)
rElec   .            (no cloak)
rCorr   .            (gloves unavailable)
SInv    +            (boots unavailable)
Will    .....        (no amulet)
Stlth   ++           j - ring of protection from cold
HPRegen 0.23/turn    (no ring)
MPRegen 0.09/turn

%: no passive effects
@: very quick
A: very small, no large weapons, unfitting armour, see invisible, speed 3
a: no special abilities


You were on level 3 of the Dungeon.
You visited 1 branch of the dungeon, and saw 3 of its levels.

You collected 130 gold pieces.


Innate Abilities, Weirdness & Mutations

You are very small and have problems with some larger weapons.
You are too small for most types of armour.
You have supernaturally acute eyesight. (SInv)
You cover ground extremely quickly. (Speed+++)


   Skills:
 + Level 1.8 Fighting
 - Level 5.2 Ranged Weapons
 - Level 5.0 Dodging
 - Level 1.5 Stealth


You had 3 spell levels left.
You didn't know any spells.
Your spell library was empty.

Inventory:

Hand Weapons
 a - a +0 shortbow (weapon)
Armour
 c - a +0 robe (worn)
Jewellery
 b - a ring of ice
 f - a ring of fire
 j - a ring of protection from cold (left hand)
Wands
 g - a wand of flame (20)
 h - a wand of acid (2)
Potions
 d - a potion of mutation {unknown}
 e - a potion of curing
 i - a potion of might {unknown}
 k - a potion of heal wounds {unknown}
 l - a potion of magic {unknown}
 m - 2 potions of brilliance {unknown}

Dungeon Overview and Level Annotations

Branches:
Dungeon (3/15)

Altars:


Message History

An orc comes into view. It is wielding a +0 flail.
The orc moves out of view.
You shoot an arrow. The arrow closely misses the orc.
The orc barely misses you.
You shoot an arrow.
The arrow hits the orc but does no damage.
The orc hits you with a +0 hand axe. The orc barely misses you.
You shoot an arrow. The orc shouts!
The arrow hits the orc.
The orc is moderately wounded.
The orc completely misses you. The orc misses you.
You shoot an arrow.
The arrow hits the orc but does no damage.
The orc is moderately wounded.
The orc misses you. x2
You shoot an arrow. The arrow hits the orc.
The orc is almost dead.
The orc barely misses you. The orc hits you with a +0 mace.
You shoot an arrow.
The arrow hits the orc but does no damage.
The orc is almost dead.
The orc misses you. The orc hits you with a +0 mace.
You shoot an arrow. The arrow hits the orc.
You kill the orc!
The orc completely misses you.
You shoot an arrow. The arrow barely misses the orc.
The orc hits you with a +0 club. The orc completely misses you.
You shoot an arrow.
The arrow hits the orc but does no damage.
The orc hits you with a +0 club. The orc misses you.
You shoot an arrow.
The arrow hits the orc but does no damage.
The orc hits you with a +0 club. The orc hits you with a +0 hand axe.
You shoot an arrow. The arrow hits the orc.
The orc is heavily wounded.
The orc barely misses you. x2
You shoot an arrow. The arrow barely misses the orc.
The orc hits you with a +0 club.
You die...

###.##.#.###. ........##
#....#.. ##........ #####.##
........# #.# ....... ##.##
).... #...# .o. #...# #####o#
#..[# ######...o@###### #...#
#..^............#######...#
.........#....#.##.........
#........#.#.###...........
####.......##.##.#.##.........
##.##.......##.###.##
#####...# #..##..........# #.#
#...# #..############# #.#
#...# ###..# ######### #.#
#...#


You could see 3 orcs.

Vanquished Creatures
  A bombardier beetle (D:2)
  Jessica (D:2)
  An adder (D:2)
  A ribbon worm (D:2)
  2 dart slugs (D:1)
  3 orcs (D:3)
  2 bats
  8 endoplasms
  2 giant cockroaches
  3 goblins
  5 hobgoblins
  3 kobolds
  3 quokkas
  3 ball pythons
  5 frilled lizards
  9 rats
52 creatures vanquished.

Notes
Turn   | Place    | Note
-------+----------+-------------------------------------------
     0 | D:1      | qw the Spriggan Hunter began the quest for the Orb.
     0 | D:1      | Reached XP level 1. HP: 10/10 MP: 2/2
     0 | D:1      | 0 ||| qw: Version: 0.3-a-155-g5e7d8dd
     0 | D:1      | 0 ||| qw: Game counter: 3346
     0 | D:1      | 0 ||| qw: Melee chars always use a shield: true
     0 | D:1      | 0 ||| qw: God list: Okawaru
     0 | D:1      | 0 ||| qw: Allow faded altars: false
     0 | D:1      | 0 ||| qw: Do Orc after clearing Dungeon:15 true
     0 | D:1      | 0 ||| qw: Do second Lair branch before Depths: true
     0 | D:1      | 0 ||| qw: Lair rune preference: random
     0 | D:1      | 0 ||| qw: Goals: Normal
     0 | D:1      | 0 ||| PLANNING D:1-11
    99 | D:1      | Reached skill level 3 in Dodging
   182 | D:1      | Reached XP level 2. HP: 14/14 MP: 3/3
   517 | D:1      | 517 ||| DROPPING scroll of butterflies.
   632 | D:1      | 632 ||| READING scroll labelled YGATAI ERENIET.
   633 | D:1      | 633 ||| READING scroll labelled DUVOAD JUFFORPH.
   689 | D:2      | Found a faded altar of an unknown god.
   701 | D:2      | Identified the +0 whip of the Chewing Pill Bug {antimagic,
                  | Str+2}
   773 | D:2      | Reached XP level 3. HP: 17/18 MP: 4/4
   776 | D:2      | 776 ||| FLEEEEING.
   777 | D:2      | 777 ||| FLEEEEING.
   778 | D:2      | 778 ||| FLEEEEING.
   779 | D:2      | 779 ||| FLEEEEING.
   781 | D:2      | 781 ||| FLEEEEING.
   782 | D:2      | 782 ||| FLEEEEING.
   783 | D:2      | 783 ||| FLEEEEING.
   784 | D:2      | 784 ||| FLEEEEING.
   785 | D:2      | 785 ||| FLEEEEING.
   976 | D:2      | Noticed Jessica
   993 | D:2      | Killed Jessica
   994 | D:2      | Reached XP level 4. HP: 22/22 MP: 5/5
  1475 | D:2      | 1475 ||| UPGRADING to ring of protection from cold.
  1476 | D:2      | 1476 ||| READING scroll labelled XAUSCH ZILIZITT.
  1477 | D:2      | 1477 ||| DRINKING 2 sapphire potions.
  1478 | D:2      | 1478 ||| DRINKING 2 glowing orange potions.
  1479 | D:2      | 1479 ||| DRINKING 2 puce potions.
  1513 | D:2      | 1513 ||| DROPPING potion of invisibility.
  1514 | D:2      | 1514 ||| DROPPING potion of lignification.
  1800 | D:3      | Found the +7 Kryia's mail coat {PotionHeal*2 rC+}
  1935 | D:3      | HP: 3/23 [orc/+0 hand axe (3)]
  1937 | D:3      | Slain by an orc

Levels and vault maps discovered:
D:1:      dpeg_arrival_windows_large_door, layout_loops_ring,
          hangedman_glass_teeth
D:2:      layout_basic, hellmonk_ecumenical_altar_arch_garden, hex_tiny,
          minmay_three_crescents, uniq_jessica
D:3:      layout_loops_cross, grunt_temple_overflow_diamond, serial_rivers,
          chequers_serial_rivers_small_3, chequers_serial_rivers_small_b,
          chequers_serial_rivers_small_3, chequers_serial_rivers_small_a,
          chequers_serial_rivers_marsh, st_stairs_8

Skill      XL: |  1  2  3  4 |
---------------+-------------+-----
Dodging        | 3 4 5 |  5.0
Ranged Weapons | 5 |  5.2
Fighting       | |  1.8
Stealth        | |  1.5

Action                     |  1- 3 |  4- 6 || total
---------------------------+-------+-------++-------
   Fire: Shortbow          |   103 |    56 ||   159
    Use: Scroll            |     2 |     1 ||     3
         Potion            |       |     3 ||     3
 Armour: Robe              |     9 |     8 ||    17
  Dodge: Dodged            |    33 |    23 ||    56

Table legend:
 A = Non-vault XP
 B = Vault XP
 C = Vault XP percentage of total XP
 D = Non-vault monster count
 E = Vault monster count
 F = Vault count percentage of total count
                 A         B        C        D         E       F
            +---------+---------+-------+---------+---------+-------
      Total |     133 |      50 |  27.3 |      44 |       8 |  15.4
            +---------+---------+-------+---------+---------+-------
        D:1 |      31 |       0 |   0.0 |      17 |       0 |   0.0
        D:2 |      81 |      48 |  37.2 |      16 |       7 |  30.4
        D:3 |      21 |       2 |   8.7 |      11 |       1 |   8.3
            +---------+---------+-------+---------+---------+-------
